 Dungeon Crawl Stone Soup version 0.30.1-11-g7821555f0a (webtiles) character file.

Game seed: 2322381705597961346

214 ExaltedWalrus the Chopper (level 5, -8/46 HPs)
             Began as a Minotaur Fighter on Nov 16, 2023.
             Was a Plaything of Xom.
             Mangled by an iguana (10 damage)
             ... on level 3 of the Dungeon.
             The game lasted 00:29:40 (2555 turns).

ExaltedWalrus the Chopper (Minotaur Fighter)        Turns: 2555, Time: 00:29:41

Health: -8/46      AC:  7    Str: 22    XL:     5   Next: 60%
Magic:  13/13      EV: 10    Int:  5    God:    Xom [...*..]
Gold:   129        SH:  5    Dex: 15    Spells: 4/4 levels left

rFire   x . .        a - +0 war axe
rCold   . . .        c - +0 buckler
rNeg    . . .        i - +0 ring mail
rPois   .            (helmet restricted)
rElec   .            (no cloak)
rCorr   .            r - +0 pair of gloves
SInv    .            (no boots)
Will    .....        (no amulet)
Stlth   +            n - ring of Noubicri {rF- MP+9 Dex+5}
HPRegen 0.27/turn    (no ring)
MPRegen 0.13/turn

%: no passive effects
@: no status effects
A: horns 2, retaliatory headbutt
a: Renounce Religion


You were on level 3 of the Dungeon.
You worshipped Xom.
You were a favourite toy of Xom.
You visited 1 branch of the dungeon, and saw 4 of its levels.

You collected 129 gold pieces.

Inventory:

Hand Weapons
 a - a +0 war axe (weapon)
 j - a +0 spear
 w - a +0 heavy mace
 A - a +0 dagger
Missiles
 l - 15 stones (quivered)
 s - 6 boomerangs
Armour
 b - a +0 scale mail
 c - a +0 buckler (worn)
 h - a +0 leather armour
 i - a +0 ring mail (worn)
 r - a +0 pair of gloves (worn)
 v - a +0 tower shield
 x - a +0 chain mail
Jewellery
 n - the ring of Noubicri (left hand) {rF- MP+9 Dex+5}
   (You found it on level 2 of the Dungeon)

   [ring of magical power]

   Dex:       It affects your dexterity (+5).
   rF:        It makes you vulnerable to fire.
   MP:        It affects your magic capacity (+9).
Scrolls
 e - 3 scrolls of identify {unknown}
 f - a scroll of enchant armour {unknown}
 k - a scroll of enchant weapon {unknown}
 m - 2 scrolls of teleportation {unknown}
 u - a scroll of butterflies {unknown}
 y - a scroll of magic mapping {unknown}
 C - a scroll of brand weapon {unknown}
Potions
 d - a potion of might
 g - a potion of attraction {unknown}
 o - 3 potions of curing {unknown}
 p - a potion of degeneration {unknown}
 q - a potion of lignification {unknown}
 t - a potion of invisibility {unknown}
 z - 2 potions of brilliance {unknown}
 B - a potion of ambrosia {unknown}
 D - a potion of berserk rage {unknown}


   Skills:
 + Level 4.3 Fighting
 + Level 5.5 Axes
 + Level 4.6 Armour
 + Level 1.0 Dodging
 + Level 0.2 Stealth
 + Level 4.1 Shields


You had 4 spell levels left.
You didn't know any spells.
Your spell library contained the following spells:

 Spells                   Type           Power      Damage    Failure   Level
 Inner Flame              Hex/Fire       0%         N/A       97%         3
 Yara's Violent Unravell  Hex/Tmut       0%         3d3       100%        5
 Enfeeble                 Hex            0%         N/A       100%        7


Dungeon Overview and Level Annotations

Branches:
Dungeon (4/15)
 Temple: D:4-7

Altars:
Hepliaklqana
Makhleb
Qazlal
Ru
Trog
Wu Jian
Xom
Zin

Annotations:
D:4 Robin


Innate Abilities, Weirdness & Mutations

You have a pair of horns on your head.
You reflexively headbutt those who attack you in melee.


Message History

The hound stops to sniff the ground.
The hound closely misses you.
You closely miss the hound.
The hound is severely wounded.
You miss the hound. You hit the iguana.
The hound bites you but does no damage. x2
The iguana misses you.
The hound bites you. x2; The iguana bites you!
You slash the hound!
You kill the hound!
You hit the hound. You hit the iguana. The hound barely misses you.
You block the bullfrog's attack. The hound closely misses you.
You block the iguana's attack.
Your Dodging skill increases to level 1!
The bullfrog closely misses you. You furiously retaliate!
You headbutt the bullfrog. The hound bites you.
The bullfrog hits you but does no damage.
The iguana bites you.
* * * LOW HITPOINT WARNING * * *
You climb upwards.
There is a stone staircase leading down here.
You hit the iguana. Your headbutt misses the iguana.
The iguana is severely wounded.
You closely miss the hound. You closely miss the bullfrog.
You block the hound's attack. The bullfrog closely misses you.
The hound closely misses you. The iguana closely misses you.
You block the bullfrog's attack.
You hit the iguana but do no damage.
The iguana is severely wounded.
You barely miss the hound. You hit the bullfrog. The hound barely misses you.
The bullfrog barely misses you. The iguana closely misses you.
The hound bites you but does no damage. You block the bullfrog's attack.
You hit the iguana but do no damage.
The iguana is severely wounded.
You hit the bullfrog. You miss the hound. The hound bites you.
* * * LOW HITPOINT WARNING * * *
The bullfrog closely misses you. The iguana bites you!
* * * LOW HITPOINT WARNING * * *
The hound bites you but does no damage. You block the bullfrog's attack.
The iguana bites you!
You die...
Xom cackles wildly!

########
##......##
##........##
#..........#
#.....h@...#
#.....Fl...#
#########
######..........#
#........ #
#....#..........#
#........ #
#....##........##
#........ #
#....#..........#
#........ #
#....#..........#
#....†... #
#...............#
#........ ###
#...............#
#...)....


You could see a bullfrog, an iguana and a hound.

Vanquished Creatures
  2 hounds
  An orc priest (D:3)
  Terence (D:3)
  2 adders
  A worm (D:2)
  6 orcs
  8 endoplasms
  A giant cockroach (D:2)
  5 goblins
  10 hobgoblins
  4 jackals (D:3)
  3 quokkas
  8 ball pythons
  8 bats
  4 frilled lizards (D:3)
  3 kobolds
  5 rats
72 creatures vanquished.

Notes
Turn   | Place    | Note
-------+----------+-------------------------------------------
     0 | D:1      | ExaltedWalrus the Minotaur Fighter began the quest for the
                  | Orb.
     0 | D:1      | Reached XP level 1. HP: 19/19 MP: 0/0
   356 | D:1      | Reached XP level 2. HP: 27/27 MP: 1/1
   883 | D:2      | Identified the ring of Noubicri {rF- MP+9 Dex+5}
  1094 | D:2      | Reached XP level 3. HP: 32/33 MP: 2/2
  1241 | D:2      | Reached skill level 3 in Axes
  1475 | D:2      | Found a shimmering altar of Xom.
  1499 | D:2      | Became a worshipper of Xom of Chaos
  1569 | D:2      | XOM: silly message
  1603 | D:3      | Found a burning altar of Makhleb.
  1611 | D:3      | Reached XP level 4. HP: 38/40 MP: 3/3
  1621 | D:3      | Noticed Terence
  1621 | D:3      | XOM: 1-stop teleportation journey
  1626 | D:3      | Killed Terence
  1627 | D:3      | Reached skill level 4 in Axes
  1635 | D:3      | XOM: swap monsters
  1640 | D:3      | Reached skill level 5 in Axes
  1661 | D:3      | Reached XP level 5. HP: 27/46 MP: 4/4
  1701 | D:3      | Found a stormy altar of Qazlal.
  1703 | D:3      | Noticed an air elemental
  1704 | D:3      | Noticed a fire elemental
  1704 | D:3      | Noticed a water elemental
  1869 | D:3      | Found a sacrificial altar of Ru.
  1869 | D:3      | Found a bloodstained altar of Trog.
  1877 | D:3      | Found a glowing silver altar of Zin.
  1879 | D:3      | Found an ornate altar of the Wu Jian Council.
  1881 | D:3      | Found a hazy altar of Hepliaklqana.
  1912 | D:3      | XOM: 1-stop teleportation journey
  2315 | D:4      | Noticed Robin
  2384 | D:4      | Noticed a black bear
  2459 | D:4      | Noticed a black bear
  2460 | D:4      | XOM: cleaving
  2551 | D:4      | Reached skill level 1 in Dodging
  2555 | D:3      | HP: 2/46 [iguana (10)]
  2555 | D:3      | Mangled by an iguana

Illustrated notes

Levels and vault maps discovered:
D:1:      giann_forest_graveyard, layout_basic, corexii_hall_statues_i
D:2:      layout_basic, basic_altar, minmay_statues_item
D:3:      layout_rooms, bloody_makhleb, nicolae_qazlal_style_of_elements,
          chequers_temple_overflow_minitemple, uniq_terence
D:4:      layout_rooms, kiku_gazebo_pond_becter, old_standard_altar,
          serial_shops, shop, uniq_robin, uniq_ijyb

Skill      XL: |  1  2  3  4  5 |
---------------+----------------+-----
Armour         | 4 |  4.6
Fighting       | 4 |  4.3
Axes           | 3 5 |  5.5
Shields        | 4 |  4.1
Dodging        | 1 |  1.0
Stealth        | |  0.2

Action                     |  1- 3 |  4- 6 || total
---------------------------+-------+-------++-------
  Melee: War axe           |    88 |    54 ||   142
         Headbutt          |    12 |     4 ||    16
    Use: Potion            |       |     1 ||     1
   Stab: Confused          |       |     1 ||     1
 Armour: Leather armour    |     8 |       ||     8
         Ring mail         |    26 |    24 ||    50
  Dodge: Dodged            |    44 |    43 ||    87
  Block: Buckler           |    24 |    23 ||    47
